 Dungeon Crawl Stone Soup version 0.26-a0-639-g72c4674329 (webtiles) character file.

Game seed: 14489937899966933834

339020 Flugslaktarn the Warrior (level 20, -1/210 (211) HPs)
             Began as a Deep Dwarf Fighter on Sept 24, 2020.
             Was the Champion of Makhleb.
             Slain by a red draconian knight
             ... wielding a +0 great mace
              (16 damage)
             ... on level 5 of the Realm of Zot.
             The game lasted 00:20:30 (20702 turns).

Flugslaktarn the Warrior (Deep Dwarf Fighter)      Turns: 20702, Time: 00:20:30

HP:   -1/210 (211)  AC: 27    Str: 27      XL:     20   Next: 66%
MP:   5/5           EV:  7    Int: 14 (17) God:    Makhleb [******]
Gold: 264           SH: 15    Dex:  5 (12) Spells: 19/19 levels left

rFire    + + .     SeeInvis .   r - +5 broad axe (freeze)
rCold    . . .     Faith    +   R - +1 kite shield {rF+}
rNeg     + . .     Spirit   .   p - +4 plate armour {rPois}
rPois    +         Reflect  .   K - +1 hat
rElec    +         Harm     .   w - +0 cloak
rCorr    .         Rampage  .   s - +2 pair of gloves
MR       +++..     Rnd*Rage +   L - +2 pair of boots
Stlth    ..........             y - amulet of faith
HPRegen  0.00/turn              j - +4 ring of slaying
MPRegen  0.09/turn              i - ring of Attitude {*Contam rElec rF+ Int+6 Slay+6}

@: lethally poisoned (-1 -> -1), marked, no potions, very heavily contaminated,
non-regenerating, slowed, glowing, constricted, very slow
A: damage resistance, heal wounds, berserk 1, blurry vision 1, deformed body,
deterioration 1, negative energy resistance 1, sense surroundings 3, no potion
heal 1, no regeneration
0: Orb of Zot
}: 3/15 runes: decaying, serpentine, abyssal
a: Heal Wounds, Minor Destruction, Lesser Servant of Makhleb, Major Destruction,
Greater Servant of Makhleb, Renounce Religion


You were on level 5 of the Realm of Zot.
You worshipped Makhleb.
Makhleb was exalted by your worship.
You visited 8 branches of the dungeon, and saw 40 of its levels.
You visited the Abyss 1 time.

You collected 3050 gold pieces.
You spent 2786 gold pieces at shops.

Inventory:

Hand Weapons
 r - a +5 broad axe of freezing (weapon)
   (You took it off a draconian knight on level 1 of the Realm of Zot)
Armour
 g - a scarf of repulsion
   (You found it on level 4 of the Dungeon)
 p - a +4 plate armour of poison resistance (worn)
   (You bought it in a shop on level 11 of the Dungeon)
 s - a +2 pair of gloves (worn)
   (You found it on level 1 of the Snake Pit)
 w - a +0 cloak (worn)
   (You found it on level 14 of the Dungeon)
 K - a +1 hat (worn)
   (You took it off Gastronok on level 8 of the Dungeon)
 L - a +2 pair of boots (worn)
   (You bought it in a shop on level 11 of the Dungeon)
 R - a +1 kite shield of fire resistance (worn)
   (You took it off a tengu warrior on level 4 of the Depths)
Jewellery
 i - the ring of Attitude (right hand) {*Contam rElec rF+ Int+6 Slay+6}
   (You bought it in a shop on level 2 of the Orcish Mines)

   [ring of intelligence]

   It affects your intelligence (+6).
   It affects your accuracy and damage with ranged weapons and melee attacks
   (+6).
   It protects you from fire.
   It insulates you from electricity.
   It causes magical contamination when unequipped.
 j - a +4 ring of slaying (left hand)
   (You found it on level 3 of the Dungeon)
 v - the ring of the Catamount {rPois rF+ Stlth-}
   (You bought it in a shop on level 11 of the Dungeon)

   [ring of attention]

   It protects you from fire.
   It protects you from poison.
   It makes you less stealthy.
 y - an amulet of faith (around neck)
   (You bought it in a shop on level 11 of the Dungeon)
Wands
 E - a wand of paralysis (7)
   (You found it on level 3 of the Lair of Beasts)
Scrolls
 a - a scroll of fog
 e - 2 scrolls of silence
 o - 2 scrolls of fear
 t - 2 scrolls of teleportation
 x - 5 scrolls of remove curse
Potions
 b - 2 potions of lignification
 c - 2 potions of magic {unknown}
 f - 8 potions of degeneration {unknown}
 h - a potion of haste
 k - 3 potions of flight
 m - a potion of berserk rage
 n - 3 potions of mutation
 q - a potion of stabbing {unknown}
 u - 2 potions of brilliance
 A - a potion of resistance {unknown}
 D - 4 potions of cancellation
 J - 3 potions of curing {unknown}
 S - a potion of invisibility
Miscellaneous
 C - a tin of tremorstones (3/3)
   (You found it on level 4 of the Depths)
 F - a condenser vane (1/2)
   (You found it on level 15 of the Dungeon)


   Skills:
 * Level 20.0 Fighting
 - Level 15.9 Axes
 + Level 17.3 Armour
 - Level 11.0 Dodging
 - Level 15.0 Shields
 - Level 15.0 Invocations
 - Level 10.0 Evocations


You had 19 spell levels left.
You didn't know any spells.
Your spell library was empty.

Dungeon Overview and Level Annotations

Branches:
Dungeon (15/15)            Temple (1/1) D:7            Lair (4/6) D:10
  Swamp (4/4) Lair:3        Snake (4/4) Lair:2          Orc (2/2) D:10
    Elf (0/3) Orc:2        Vaults (0/5) D:13         Depths (5/5) D:15
    Zot (5/5) Depths:5

Altars:
Elyvilon
Fedhas
Gozag
Hepliaklqana
Kikubaaqudgha
Makhleb
Nemelex Xobeh
Okawaru
Qazlal
Ru
Sif Muna
Trog
Uskayaw
Vehumet
Xom
Yredelemnul
Zin
Jiyva

Shops:
D:11 *}*[[   D:12 :   Orc:1 }   Orc:2 *}==   Snake:4 *

Portals:
Hell: Depths:4
Abyss: Depths:4
Trove: D:12 (give +5 demon trident)

Annotations:
D:5 3 runed translucent doors, Lanoc's ghost, weakling VSDe
Zot:5 exclusion: obsidian statue


Innate Abilities, Weirdness & Mutations

You are resistant to damage.
You can heal yourself by infusing magical energy.
You resist negative energy. (rN+)
You passively map a large area around you.
You do not regenerate.
You tend to lose your temper in combat.
Scrolls take you a little longer to read.
Armour fits poorly on your strangely shaped body.
Your body sometimes deteriorates upon taking damage.
Potions are less effective at restoring your health.


Message History

The white draconian is engulfed in blazing flames.
The ancient lich is engulfed in blazing flames.
The tentacled monstrosity is engulfed in blazing flames.
The tentacled monstrosity tentacle-slaps you but does no damage.
The tentacled monstrosity tentacle-slaps you!
You block the tentacled monstrosity's attack.
The tentacled monstrosity constricts you.
The green draconian reads a scroll.
Wisps of shadow swirl around the green draconian.
The wind drake is engulfed in blazing flames.
The storm dragon is engulfed in blazing flames.
The storm dragon bites you but does no damage.
The storm dragon completely misses you.
The storm dragon tramples you but does no damage.
The white draconian is engulfed in blazing flames.
The white draconian hits you with a +0 battleaxe!!
* * * LOW HITPOINT WARNING * * *
The white draconian is engulfed in blazing flames.
Something hits you!
You die...

...............,** *,,,,,,,,,,,,
.......$.......** **,,,,,,,,,,,,
^.............#* *,,,,,,,,,,,,,
###############▓***#####***,*****
*#######...,,,..§..,,,,,,,,,*
*,........####§§§##d,,,****,*
**,*#.#....##§Xkqq§qX,,,,,,,,,
*,,*#......§p§#kkkX#q,,,,,^,,*
*****#⌠,*#..§§DX@dddXq§d,,,,,,,,,
,,,,*#..##..§§§X§D##yddd,,,,,,,,,
,,,,,,*#.[.#'#§§§§d§≈≈≈§**,,,,,,,
,,,,*,*#.###.§§.§§§§..,,,,,,,,,,,
,,,,,,..,**###§≈≈§§≈§§..,,,,,,,,,
,,,,...,,**,,L§≈≈≈§≈≈≈..,,,*,,,,,
,,,...,****,§.≈≈§≈≈≈≈≈..,,,*,,,,,
***#.,,**,,...§≈§§§≈≈...,,,*,,,,,
#,,,**,,,,,≈≈≈≈§≈≈,,⌠**,*,,,,,


You could see a Killer Klown, 3 tentacled monstrosities, an ancient lich, 2
storm dragons, a black draconian, a yellow draconian, a green draconian, a
purple draconian, 5 draconians, 2 draconians, 3 Orb Guardians, 2 draconians, a
purple draconian scorcher, a death drake (summoned), 2 wind drakes and a moth of
wrath.

Vanquished Creatures
  2 orbs of fire (Zot:5)
  An ancient lich (Zot:5)
  A juggernaut (Depths:4)
  4 Killer Klowns (Zot:5)
  4 caustic shrikes (Depths:4)
  2 golden dragons (Zot:2)
  An electric golem (Zot:5)
  Rupert (D:13)
  4 tentacled monstrosities
  A quicksilver dragon (Depths:4)
  14 Orb Guardians (Zot:5)
  Gastronok (D:8)
  Frances (D:13)
  3 tentacled starspawn
  2 thorn hunters (Swamp:4)
  3 shadow dragons (Depths:5)
  3 tengu reavers
  A draconian monk (Zot:1)
  3 storm dragons
  5 nagarajas (Snake:4)
  4 fire giants
  An iron dragon (Depths:4)
  A ghost moth (Zot:5)
  Aizul (Snake:2)
  A draconian stormcaller (Depths:5)
  3 draconian knights
  6 draconian scorchers
  2 draconian annihilators
  2 draconian shifters
  3 spriggan defenders (Depths:4)
  4 stone giants
  13 very ugly things
  Nessos (D:12)
  A deep elf annihilator (Depths:4)
  6 green draconians
  5 white draconians
  A black draconian (Zot:2)
  3 yellow draconians
  2 vampire knights
  A purple draconian (Zot:1)
  2 red draconians
  An eidolon (Abyss:2)
  Snorg (D:11)
  2 green deaths (Swamp:4)
  An ettin (Depths:4)
  A death ooze (Swamp:4)
  7 fire dragons
  5 ice dragons
  Fannar (D:10)
  A yaktaur captain (Depths:5)
  5 naga warriors
  2 great orbs of eyes (Depths:3)
  2 hell beasts (Swamp:4)
  A ghost crab (Swamp:4)
  8 vault guards (D:13)
  A shambling mangrove (Swamp:4)
  3 spriggan air magi (Depths:4)
  4 anacondas
  13 hydras
  3 centaur warriors
  8 alligators
  2 two-headed ogres
  A queen ant (Lair:2)
  A death knight (D:14)
  A death yak (Lair:3)
  6 naga sharpshooters
  4 deep troll earth magi
  4 tengu warriors
  3 deep troll shamans
  5 spriggan berserkers (Depths:4)
  3 shock serpents
  2 thrashing horrors (Abyss:3)
  Urug (D:10)
  An iron troll (Depths:1)
  A salamander mystic (Snake:4)
  A sixfirhy (Abyss:3)
  7 hell knights (Depths:1)
  A fire crab (shapeshifter) (Depths:4)
  A spatial maelstrom (Abyss:2)
  2 wretched stars (Abyss:3)
  A skeletal warrior (D:14)
  8 deep trolls
  3 unseen horrors
  3 swamp dragons (Swamp:4)
  4 spriggan druids
  A glowing orange brain (Depths:1)
  A death drake (shapeshifter) (Depths:4)
  2 wizards (Depths:3)
  9 naga ritualists
  6 orc knights
  A necromancer (Depths:1)
  A deep elf mage (D:15)
  9 mana vipers
  A phantasmal warrior (D:14)
  A cyclops (D:13)
  An orc sorcerer (Orc:1)
  2 worldbinders (Abyss:2)
  2 manticores
  18 black mambas
  22 ugly things
  A frost giant skeleton (Abyss:2)
  6 moths of wrath
  5 centaur zombies
  3 apocalypse crabs
  9 naga magi
  Joseph (D:9)
  9 cane toads
  6 orange demons
  Psyche (D:11)
  7 guardian serpents (Snake:4)
  2 smoke demons (Abyss:3)
  A gargoyle (D:11)
  2 torpor snails (Lair:3)
  3 hellions (Abyss:3)
  3 kobold demonologists (D:15)
  An eye of devastation (Abyss:2)
  4 centaur skeletons
  4 komodo dragons
  9 yaktaurs (Depths:1)
  A freezing wraith (D:14)
  An ice devil (Abyss:2)
  4 ancient zymes
  3 tyrant leeches
  A red devil (Abyss:3)
  4 trolls
  Grinder (D:3)
  12 hornets
  8 bog bodies
  21 slime creatures
  5 hippogriffs
  8 raiju (Abyss:2)
  4 dream sheep (Lair:3)
  An air elemental (Abyss:2)
  5 wraiths
  9 spriggans
  3 shadows
  5 wyverns
  10 starcursed masses (Abyss:3)
  11 yaks
  A ynoxinul (Abyss:2)
  A hog (shapeshifter) (Abyss:3)
  2 chaos spawn (Abyss:2)
  A basilisk (Lair:3)
  2 vampire mosquitoes (Swamp:1)
  2 neqoxecs (Abyss:3)
  6 wargs
  15 large abominations
  39 nagas
  8 swamp worms
  2 spatial vortices (Abyss:2)
  3 insubstantial wisps (Swamp:4)
  A water moccasin (Lair:3)
  6 soldier ants
  9 porcupines
  2 swamp drakes
  3 sky beasts
  4 eyes of draining
  3 ice beasts
  39 orc warriors
  2 phantoms
  2 black bears
  8 small abominations
  5 wolves (Lair:1)
  7 ogres
  3 boggarts (Depths:3)
  18 centaurs
  10 crocodiles
  4 big kobolds
  13 bullfrogs
  2 wyvern zombies
  2 gnoll sergeants
  A wyvern skeleton (D:10)
  2 scorpions
  5 killer bees (D:8)
  3 howler monkeys
  19 wights
  A crimson imp (D:3)
  2 quasits
  A bullfrog zombie (D:12)
  10 hounds
  3 jellies
  12 orc priests
  A bullfrog skeleton (D:6)
  15 orc wizards
  An iguana (D:11)
  2 iron imps
  27 worker ants
  A hound skeleton (D:8)
  A mummy (D:12)
  A worker ant zombie (D:6)
  14 gnolls
  4 adders
  3 shadow imps
  A white imp (Abyss:2)
  An ufetubus (D:7)
  2 worms
  A dart slug (D:2)
  4 leopard geckos
  85 orcs
  3 giant cockroaches
  2 gnoll zombies (D:8)
  2 hobgoblins
  3 quokkas
  2 ball pythons
  3 bats
  3 frilled lizards
  3 goblins
  A jackal zombie (D:8)
  30 kobolds
  A leopard gecko skeleton (D:7)
  A quokka skeleton (D:5)
  2 rats
  5 briar patches (Swamp:4)
  3 starspawn tentacles (Abyss:3)
1039 creatures vanquished.

Vanquished Creatures (collateral kills)
  3 hydras
  A sky beast (D:12)
  3 wights (D:12)
7 creatures vanquished.

Vanquished Creatures (others)
  An ancient lich (Abyss:3)
  An orc (Orc:2)
  9 fungi
  A lurking horror (Abyss:3)
  13 plants
  10 starspawn tentacles
  2 withered plants (D:12)
37 creatures vanquished.

Grand Total: 1083 creatures vanquished

Notes
Turn   | Place    | Note
-------+----------+-------------------------------------------
     0 | D:1      | Flugslaktarn the Deep Dwarf Fighter began the quest for the
                  | Orb.
     0 | D:1      | Reached XP level 1. HP: 20/20 MP: 1/1
   203 | D:2      | Reached XP level 2. HP: 25/27 MP: 2/2
   246 | D:2      | Reached skill level 3 in Fighting
   533 | D:3      | Noticed Grinder
   542 | D:3      | Paralysed by Grinder for 5 turns
   556 | D:3      | Paralysed by Grinder for 7 turns
   562 | D:3      | HP: 1/28 [Grinder (3)]
   575 | D:3      | Killed Grinder
   575 | D:3      | Reached skill level 4 in Fighting
   575 | D:3      | Reached XP level 3. HP: 33/36 MP: 2/2
   575 | D:3      | Reached XP level 4. HP: 41/44 MP: 3/3
   575 | D:3      | Reached XP level 5. HP: 47/50 MP: 4/4
   782 | D:4      | Found a sacrificial altar of Ru.
   782 | D:4      | Found a hide-covered altar of Uskayaw.
  1018 | D:4      | Reached XP level 6. HP: 35/57 MP: 5/5
  1134 | D:4      | Reached skill level 5 in Axes
  1487 | D:5      | Entered Level 5 of the Dungeon
  1557 | D:5      | Found a runed translucent gate.
  1557 | D:5      | Found a runed translucent gate.
  1557 | D:5      | Found a runed translucent gate.
  1559 | D:5      | Noticed Lanoc's ghost (weakling VSDe)
  1579 | D:5      | Reached XP level 7. HP: 57/66 MP: 6/6
  1602 | D:5      | Reached skill level 5 in Fighting
  1605 | D:5      | Found a sparkling altar of Nemelex Xobeh.
  1746 | D:5      | Reached skill level 5 in Armour
  1866 | D:5      | Found an iron altar of Okawaru.
  2160 | D:6      | Noticed a wraith
  2163 | D:6      | Killed a wraith
  2163 | D:6      | Reached skill level 5 in Shields
  2313 | D:6      | You fall into a shaft and drop 1 floor!
  2337 | D:7      | Reached XP level 8. HP: 47/75 MP: 0/7
  2559 | D:6      | Reached skill level 6 in Fighting
  2623 | D:6      | Found a shimmering blue altar of Sif Muna.
  3212 | D:7      | Found a staircase to the Ecumenical Temple.
  3223 | Temple   | Entered the Ecumenical Temple
  3379 | D:7      | Gained mutation: You passively map the area around you.
                  | [Deep Dwarf growth]
  3379 | D:7      | Reached XP level 9. HP: 55/85 MP: 0/8
  3627 | D:8      | Reached skill level 7 in Fighting
  3729 | D:8      | Noticed Gastronok
  3759 | D:8      | Killed Gastronok
  3759 | D:8      | Reached skill level 8 in Fighting
  3759 | D:8      | Reached XP level 10. HP: 27/96 MP: 0/8
  3887 | D:8      | Found a basalt altar of Yredelemnul.
  4836 | D:3      | Found a shimmering altar of Xom.
  4836 | D:3      | Found a burning altar of Makhleb.
  4852 | D:3      | Became a worshipper of Makhleb the Destroyer
  5162 | D:9      | Noticed Joseph
  5176 | D:9      | Reached skill level 10 in Axes
  5176 | D:9      | Reached skill level 1 in Invocations
  5184 | D:9      | Killed Joseph
  5295 | D:9      | You fall into a shaft and drop 2 floors!
  5310 | D:11     | Noticed Snorg
  5333 | D:11     | Noticed a manticore
  5343 | D:11     | Killed a manticore
  5343 | D:11     | Reached skill level 9 in Fighting
  5350 | D:11     | Killed an unseen horror
  5390 | D:11     | Noticed a brown ugly thing
  5397 | D:11     | Killed a brown ugly thing
  5397 | D:11     | Reached * piety under Makhleb
  5523 | D:11     | Killed Snorg
  5523 | D:11     | Reached XP level 11. HP: 70/106 MP: 11/11
  5551 | D:11     | Found Xoywkolu's Assorted Antiques.
  5559 | D:11     | Bought a twitching marble ring for 170 gold pieces
  5559 | D:11     | Bought a runed diamond amulet for 170 gold pieces
  5565 | D:11     | Identified the ring of the Catamount {rPois rF+ Stlth-}
                  | (You bought it in a shop on level 11 of the Dungeon)
  5619 | D:11     | Found Daackov's Gadget Emporium.
  5635 | D:11     | Noticed Psyche
  5639 | D:11     | Killed Psyche
  5644 | D:11     | Noticed a purple ugly thing
  5653 | D:11     | Killed a purple ugly thing
  5673 | D:11     | Found Gicrizy's General Store.
  5723 | D:11     | Found Epeerote's Antique Armour Shop.
  5751 | D:11     | Found Qeed's Antique Armour Emporium.
  6003 | D:12     | Found a portal to a secret trove of treasure.
  6003 | D:12     | Noticed a red ugly thing
  6014 | D:12     | Killed a red ugly thing
  6055 | D:12     | Noticed a two-headed ogre
  6069 | D:12     | Killed a two-headed ogre
  6093 | D:12     | Noticed Nessos
  6115 | D:12     | Killed Nessos
  6115 | D:12     | Reached skill level 5 in Invocations
  6159 | D:12     | Found Cuqemnen's Book Shoppe.
  6175 | D:12     | Noticed a six-headed hydra
  6176 | D:12     | Noticed a cyan ugly thing
  6211 | D:12     | Killed a cyan ugly thing
  6211 | D:12     | Reached skill level 10 in Fighting
  6267 | D:12     | Reached ** piety under Makhleb
  6310 | D:12     | Noticed a four-headed hydra
  6313 | D:12     | Noticed a white ugly thing
  6332 | D:13     | Noticed a cyan ugly thing
  6349 | D:13     | Killed a cyan ugly thing
  6427 | D:13     | Noticed Frances
  6454 | D:13     | HP: 4/109 [Frances/iron shot (12)]
  6463 | D:13     | Noticed a sun demon
  6463 | D:13     | Killed Frances
  6618 | D:13     | Noticed Rupert
  6689 | D:13     | Killed Rupert
  6689 | D:13     | Reached XP level 12. HP: 62/118 MP: 6/8
  6749 | D:13     | Found a gate to the Vaults.
  6749 | D:13     | Noticed a vault guard
  6749 | D:13     | Noticed a vault guard
  6749 | D:13     | Noticed a vault guard
  6749 | D:13     | Noticed a vault guard
  6749 | D:13     | Noticed a vault guard
  6750 | D:13     | Noticed a vault guard
  6750 | D:13     | Noticed a vault guard
  6761 | D:13     | Noticed a vault guard
  6768 | D:13     | Killed a vault guard
  6780 | D:13     | Killed a vault guard
  6792 | D:13     | Killed a vault guard
  6792 | D:13     | Reached skill level 11 in Fighting
  6809 | D:13     | Killed a vault guard
  6825 | D:13     | Killed a vault guard
  6825 | D:13     | Reached *** piety under Makhleb
  6836 | D:13     | Killed a vault guard
  6850 | D:13     | Killed a vault guard
  6862 | D:13     | Killed a vault guard
  7271 | D:14     | Noticed a seven-headed hydra
  7286 | D:14     | Found the +9 heavy crossbow "Sniper" {vorpal, Acc+∞ SInv}
  7294 | D:14     | Reached skill level 10 in Armour
  7297 | D:14     | Reached skill level 10 in Shields
  7525 | D:14     | Reached XP level 13. HP: 127/127 MP: 6/6
  7572 | D:14     | Reached **** piety under Makhleb
  8066 | D:14     | Reached skill level 12 in Fighting
  8231 | D:15     | Entered Level 15 of the Dungeon
  8522 | D:15     | Reached ***** piety under Makhleb
  8633 | D:15     | Got a scorched brass amulet
  8903 | D:15     | Noticed a fire dragon
  8918 | D:15     | Killed a fire dragon
  8958 | D:15     | Found a staircase to the Depths.
  9085 | D:15     | Found a shimmering blue altar of Sif Muna.
  9232 | D:12     | Reached skill level 1 in Evocations
  9271 | D:12     | Gained mutation: You resist negative energy. (rN+) [Deep
                  | Dwarf growth]
  9271 | D:12     | Reached XP level 14. HP: 67/139 MP: 6/6
  9774 | D:12     | Identified the amulet of Biach {RegenMP Fragile MR+++
                  | Int+6} (You found it on level 15 of the Dungeon)
  9824 | D:10     | Entered Level 10 of the Dungeon
  9849 | D:10     | Noticed Fannar
  9863 | D:10     | Reached skill level 10 in Invocations
  9892 | D:10     | Killed Fannar
  9916 | D:10     | Found a staircase to the Orcish Mines.
 10060 | D:10     | Noticed Urug
 10070 | D:10     | Killed Urug
 10253 | D:10     | Found a staircase to the Lair.
 10363 | Orc:1    | Entered Level 1 of the Orcish Mines
 10429 | Orc:1    | Found Xitre's Gadget Shop.
 10632 | Orc:2    | Entered Level 2 of the Orcish Mines
 10872 | Orc:2    | Reached ****** piety under Makhleb
 10923 | Orc:2    | Found Guadeul's Jewellery Shoppe.
 10923 | Orc:2    | Found Folyuku's Gadget Shop.
 10926 | Orc:2    | Found Qeuducwemp's Assorted Antiques.
 10928 | Orc:2    | Found Gets's Jewellery Emporium.
 11121 | Orc:2    | Reached skill level 13 in Fighting
 11431 | Orc:2    | Found a staircase to the Elven Halls.
 11766 | Lair:1   | Entered Level 1 of the Lair of Beasts
 12002 | Lair:2   | Found a staircase to the Snake Pit.
 12117 | Lair:2   | Reached skill level 15 in Axes
 13208 | Lair:3   | Reached skill level 5 in Evocations
 13225 | Lair:3   | You fall into a shaft and drop 1 floor!
 13322 | Lair:3   | Found a staircase to the Swamp.
 13638 | Swamp:1  | Entered Level 1 of the Swamp
 13842 | Swamp:2  | Identified a scroll of acquirement
 13842 | Swamp:2  | Acquired 840 gold pieces
 13959 | Lair:1   | Reached XP level 15. HP: 91/148 MP: 7/7
 14190 | Orc:2    | Bought the ring of Attitude {*Contam rElec rF+ Int+6
                  | Slay+6} for 1486 gold pieces
 14331 | D:11     | Bought a pair of embroidered boots for 255 gold pieces
 14645 | Swamp:4  | Entered Level 4 of the Swamp
 14716 | Swamp:4  | Noticed a thorn hunter
 14731 | Swamp:4  | Killed a thorn hunter
 14744 | Swamp:4  | Noticed a thorn hunter
 14762 | Swamp:4  | Killed a thorn hunter
 15007 | Swamp:4  | Reached skill level 1 in Dodging
 15044 | Swamp:4  | Reached skill level 14 in Fighting
 15203 | Swamp:4  | Reached XP level 16. HP: 160/160 MP: 9/9
 15263 | Swamp:4  | Got a decaying rune of Zot
 15411 | Snake:1  | Entered Level 1 of the Snake Pit
 15786 | Snake:2  | Noticed Aizul
 15797 | Snake:2  | Killed Aizul
 16041 | Snake:4  | Entered Level 4 of the Snake Pit
 16041 | Snake:4  | Found Gesivvi's Assorted Antiques.
 16247 | Snake:4  | Reached skill level 5 in Dodging
 16269 | Snake:4  | Reached skill level 15 in Fighting
 16427 | Snake:4  | Got a serpentine rune of Zot
 16782 | Depths:1 | Entered Level 1 of the Depths
 16825 | Depths:1 | Reached XP level 17. HP: 170/170 MP: 11/11
 16849 | Depths:1 | Reached skill level 10 in Evocations
 17141 | D:11     | Bought a +4 plate armour of poison resistance for 705 gold
                  | pieces
 17345 | Depths:2 | Got a glittering copper amulet
 17372 | Depths:3 | Noticed a lich
 17473 | Depths:4 | Found a gateway to Hell.
 17565 | Depths:4 | Reached skill level 16 in Fighting
 17991 | Depths:4 | Got a vibrating jade ring
 18073 | Depths:4 | Noticed a quicksilver dragon
 18093 | Depths:4 | Killed a quicksilver dragon
 18125 | Depths:4 | Gained mutation: You passively map a large area around you.
                  | [Deep Dwarf growth]
 18125 | Depths:4 | Reached XP level 18. HP: 124/181 MP: 9/9
 18141 | Depths:4 | Got a wavering ivory ring
 18149 | Depths:4 | Noticed a juggernaut
 18167 | Depths:4 | Killed a juggernaut
 18216 | Depths:4 | Noticed a caustic shrike
 18229 | Depths:4 | Killed a caustic shrike
 18242 | Depths:4 | Noticed a caustic shrike
 18259 | Depths:4 | Killed a caustic shrike
 18296 | Depths:4 | Noticed a caustic shrike
 18305 | Depths:4 | Killed a caustic shrike
 18305 | Depths:4 | Reached skill level 15 in Invocations
 18368 | Depths:4 | Noticed a caustic shrike
 18383 | Depths:4 | Killed a caustic shrike
 18791 | Depths:4 | Found a one-way gate to the infinite horrors of the Abyss.
 18905 | Depths:4 | Voluntarily entered the Abyss.
 19145 | Abyss:2  | Identified the ring of the Lusting Messenger {rPois rF+
                  | Str+3 Int+5} (You found it on level 4 of the Depths)
 19457 | Abyss:3  | Noticed an ancient lich
 19469 | Abyss:3  | Killed an ancient lich
 19469 | Abyss:3  | Reached skill level 17 in Fighting
 19554 | Abyss:3  | Gained mutation: Your body sometimes deteriorates upon
                  | taking damage. [a neqoxec]
 19789 | Abyss:3  | Reached skill level 10 in Dodging
 19795 | Abyss:3  | Reached skill level 15 in Armour
 19800 | Abyss:3  | Reached skill level 15 in Shields
 19811 | Abyss:3  | Found a roughly hewn altar of Beogh.
 19822 | Abyss:3  | Got an abyssal rune of Zot
 19838 | Depths:4 | Escaped the Abyss
 19869 | Depths:5 | Entered Level 5 of the Depths
 19911 | Depths:5 | Identified the ring "Gakeh" {rElec rF++ rN+ Str-3} (You
                  | found it on level 4 of the Depths)
 19950 | Depths:5 | Reached XP level 19. HP: 193/193 MP: 6/6
 19998 | Depths:5 | Found a gate to the Realm of Zot.
 20081 | Zot:1    | Entered Level 1 of the Realm of Zot
 20182 | Zot:2    | Reached skill level 18 in Fighting
 20278 | Zot:2    | Noticed a golden dragon
 20279 | Zot:2    | Noticed a golden dragon
 20288 | Zot:2    | Killed a golden dragon
 20294 | Zot:2    | Killed a golden dragon
 20504 | Zot:5    | Entered Level 5 of the Realm of Zot
 20521 | Zot:5    | Noticed a Killer Klown
 20523 | Zot:5    | Noticed an ancient lich
 20524 | Zot:5    | Noticed an ancient lich
 20534 | Zot:5    | Noticed an orb of fire
 20535 | Zot:5    | Noticed a Killer Klown
 20539 | Zot:5    | Gained mutation: Scrolls take you a little longer to read.
                  | [an orb of fire]
 20550 | Zot:5    | Killed an ancient lich
 20550 | Zot:5    | Killed a Killer Klown
 20550 | Zot:5    | Reached XP level 20. HP: 101/206 MP: 0/6
 20552 | Zot:5    | Reached skill level 19 in Fighting
 20554 | Zot:5    | Killed an orb of fire
 20564 | Zot:5    | Killed a Killer Klown
 20584 | Zot:5    | Noticed a Killer Klown
 20584 | Zot:5    | Noticed an orb of fire
 20585 | Zot:5    | Noticed a Killer Klown
 20622 | Zot:5    | Killed a Killer Klown
 20633 | Zot:5    | Killed an orb of fire
 20634 | Zot:5    | Killed a Killer Klown
 20656 | Zot:5    | Reached skill level 20 in Fighting
 20666 | Zot:5    | Got the Orb of Zot
 20668 | Zot:5    | Noticed an orb of fire
 20668 | Zot:5    | Noticed a Killer Klown
 20668 | Zot:5    | Noticed a Killer Klown
 20668 | Zot:5    | Noticed an orb of fire
 20668 | Zot:5    | Gained mutation: You tend to lose your temper in combat.
                  | [an orb of fire]
 20672 | Zot:5    | Noticed a Killer Klown
 20673 | Zot:5    | Noticed a Killer Klown
 20678 | Zot:5    | Gained mutation: Potions are less effective at restoring
                  | your health. [an orb of fire]
 20679 | Zot:5    | Noticed an ancient lich
 20679 | Zot:5    | Gained mutation: Armour fits poorly on your strangely
                  | shaped body. [an orb of fire]
 20683 | Zot:5    | Noticed a Killer Klown
 20702 | Zot:5    | Slain by a red draconian knight

Illustrated notes

Levels and vault maps discovered:
D:1:      evilmike_arrival_fibonacci_small, layout_basic
D:2:      layout_basic, grunt_ministairs_1, uniq_jessica
D:3:      layout_loops_ring, grunt_temple_overflow_champion_of_chaos,
          lemuel_crystal_altar, st_stairs_8, kennysheep_generic_room_6,
          uniq_grinder
D:4:      layout_gridville, gammafunk_temple_overflow_elements
D:5:      layout_loops_ring, lemuel_round_altar, okawaru_ov_weapons_minmay,
          nicolae_overflow_hidden_temple, gammafunk_ghost_split
D:6:      layout_loops_corners, lemuel_doored_altar
D:7:      layout_cave_pools, minmay_temple_entry_arrows
D:8:      layout_basic, lemuel_zombie_altar_yredelemnul, special_room
          [special_room_orc], uniq_gastronok
D:9:      minmay_the_grid_octo_2x2 [minmay_the_grid_octo_fat_diamond,
          minmay_the_grid_octo_chip, minmay_the_grid_octo_shrine,
          minmay_the_grid_octo_prize_square_snowflake], layout_irregular_city,
          lemuel_round_altar, lemuel_centaur_altar, uniq_pikel, uniq_joseph,
          uniq_erica, uniq_maurice
D:10:     layout_rooms, grunt_lair_entry_orc_guard_hut, david_orc_4, uniq_urug,
          uniq_fannar
D:11:     layout_cave_pods, serial_shops, kennysheep_mini_moat, shop_fountains,
          nicolae_shop_overgrown_old_shop, shop, shop, uniq_psyche, uniq_snorg
D:12:     layout_loops_ring, nicolae_trove_entry_free_sample, serial_undead,
          serial_undead_a, serial_undead_e, serial_undead_d, serial_undead_f,
          serial_shops, nicolae_shop_temple_entry_statues_fountains, uniq_nessos
D:13:     layout_basic, erik_vaults_2, uniq_rupert, uniq_frances
D:14:     layout_stronghold, minmay_misc_feat_iff
D:15:     grunt_enter_depths_hoard, layout_long_grid, lemuel_blue_sif_altar
Temple:   pf_slime_end_temple
Lair:1:   layout_gridlike, infiniplex_staircase_pool_2
Lair:2:   layout_roguey, guppyfry_snake_entry_garden, st_stairs_11,
          zaba_antful_of_joy
Lair:3:   layout_cave_pods, swamp_mist, grunt_forest_small_clearings,
          beast_lair_carwin_8, grunt_megastairs_2
Lair:4:   layout_gridlike, grunt_megastairs_1
Swamp:1:  layout_falls_marsh, evilmike_swamp_ruin_house_1, swamp_pool1,
          hangedman_swamp_diagram, uniq_nikola
Swamp:2:  layout_falls_marsh, ebering_ghost_xom, evilmike_swamp_ruin_house_3,
          uniq_roxanne
Swamp:3:  layout_basic_swamp, evilmike_swamp_ruin_house_5
Swamp:4:  swamp_vile, layout_basic_swamp, swamp_pool2
Snake:1:  layout_honeycomb, grunt_ministairs_14
Snake:2:  layout_misc_corridors, guppyfry_library_mini, uniq_aizul
Snake:3:  kennysheep_six_static_rooms, layout_onion_interference, st_stairs_5,
          uniq_asterion
Snake:4:  johnstein_snake_rune_scales, layout_cave_town, serial_shops, shop,
          shop, nicolae_shop_overgrown_old_shop, nicolae_shop_crystal, shop,
          uniq_louise
Orc:1:    nicolae_orc_accident_2, layout_caves, serial_shops, shop, uniq_jorgrun
Orc:2:    st_orc_rangers, layout_diamond_mine
Depths:1: layout_cave_shapes, hangedman_tar_grid_catacomb, cheibriados_altar_1,
          minivault_22, sword_in_stone, firewood_loft
Depths:2: minmay_octagon_keep, layout_cave_shapes, enter_ziggurat_e,
          pf_vacation_house_of_asmodeus, nrook_campfire, dk_noncrumbling_3,
          minmay_shop_star
Depths:3: gammafunk_the_bubble [the_bubble_gammafunk_split], layout_cave_pools,
          rand_demon_pan_entry_1, kennysheep_donut, lightli_too_deep,
          minmay_shop_mayhem, infiniplex_staircase_zigzag_4
Depths:4: minmay_box_of_curves, layout_gridville, abyss_entry, hell_entry,
          serial_bayou_shore_b
Depths:5: grunt_zot_entry_bicorn, layout_gridlike, serial_shops, shop_statue,
          hangedman_coc_ice_floe
Zot:1:    layout_cathedral_of_symmetry
Zot:2:    layout_cathedral_of_symmetry, gammafunk_ghost_grave,
          grunt_ministairs_8, st_stairs_12
Zot:3:    layout_basic
Zot:4:    layout_concentric_octagons
Zot:5:    layout_basic, st_stairs_7

Skill      XL: |  1  2  3  4  5  6  7  8  9 10 11 12 13 14 15 16 17 18 19 20 |
---------------+-------------------------------------------------------------+-----
Fighting       | 4 5 6 8 9 10 11 12 13 14 15 16 17 18 20 | 20.0
Axes           | 4 5 6 7 9 10 12 13 14 15 | 15.9
Armour         | 4 5 6 7 8 9 10 11 12 13 14 15 16 17 | 17.3
Shields        | 4 5 6 7 8 9 10 11 12 13 14 15 | 15.0
Invocations    | 3 6 8 9 11 12 13 14 15 | 15.0
Evocations     | 1 5 7 9 10 | 10.0
Dodging        | 3 6 8 10 11 | 11.0

Action                   |  1- 3 |  4- 6 |  7- 9 | 10-12 | 13-15 | 16-18 | 19-21 || total
-------------------------+-------+-------+-------+-------+-------+-------+-------++-------
Melee: War axe           |    74 |    69 |    29 |       |   524 |   963 |   102 ||  1761
       Hand axe          |       |       |   200 |   545 |   659 |       |       ||  1404
       Broad axe         |       |       |       |       |       |       |   216 ||   216
Invok: Lesser Servant of |       |       |       |       |     4 |       |       ||     4
 Abil: Heal Wounds       |     4 |     1 |     7 |    43 |    12 |    29 |    25 ||   121
Evoke: Wand              |       |       |       |     7 |       |       |       ||     7
       Condenser vane    |       |       |       |       |     2 |     6 |     2 ||    10
       Tin of tremorston |       |       |       |       |       |       |     1 ||     1
  Use: Scroll            |       |       |     9 |     9 |    17 |     5 |    11 ||    51
       Potion            |       |       |       |     5 |       |     1 |     4 ||    10
 Stab: Invisible         |       |       |       |     4 |       |       |       ||     4
       Distracted        |       |       |       |       |     1 |     1 |       ||     2
Armor: Scale mail        |    41 |    27 |    27 |       |       |       |       ||    95
       Plate armour      |       |       |    58 |   380 |   578 |   460 |   333 ||  1809
       Chain mail        |       |       |    17 |       |       |       |       ||    17
Dodge: Dodged            |    19 |    21 |    25 |    86 |   231 |   271 |   166 ||   819
       Repelled          |       |       |       |     3 |       |       |       ||     3
Block: Kite shield       |    40 |    31 |   103 |   291 |   671 |   591 |   288 ||  2015

Table legend: (Time is in decaauts)
 A = Elapsed time spent in this place.
 B = Non-inter-level travel time spent in this place.
 C = Inter-level travel time spent in this place.
 D = Time resting spent in this place.
 E = Time spent auto-exploring this place.
 F = Levels seen in this place.
 G = Mean time per level.
                   A        B        C        D        E       F      G
               +--------+--------+--------+--------+--------+-----+--------+
         Total |  20095 |  17401 |   2694 |    168 |  11720 |  43 |  467.3 |
       Dungeon |  10699 |   9317 |   1382 |      3 |   6878 |  15 |  713.3 |
        Temple |    125 |    118 |      7 |      0 |    117 |   1 |  125.0 |
          Lair |   2255 |   1845 |    410 |      0 |   1535 |   4 |  563.8 |
         Swamp |   1124 |    906 |    218 |      0 |    445 |   4 |  281.0 |
     Snake Pit |   1045 |    880 |    165 |      0 |    509 |   4 |  261.2 |
  Orcish Mines |   1423 |   1151 |    272 |      2 |    812 |   2 |  711.5 |
        Depths |   2009 |   1812 |    197 |    110 |   1008 |   5 |  401.8 |
           Zot |    531 |    491 |     40 |     53 |     71 |   5 |  106.2 |
         Abyss |    880 |    880 |      0 |      0 |    345 |   3 |  293.3 |
               +--------+--------+--------+--------+--------+-----+--------+

Top non-repeatable levels by time:
Depths:4: 1434 daAuts
   Orc:2: 1161 daAuts
     D:8: 1051 daAuts
    D:14: 1025 daAuts
  Lair:3: 1020 daAuts
    D:12: 975 daAuts
    D:15: 959 daAuts
     D:6: 946 daAuts
  Lair:2: 913 daAuts
     D:4: 873 daAuts
    D:13: 871 daAuts
    D:11: 854 daAuts
    D:10: 777 daAuts
 Swamp:4: 685 daAuts
     D:3: 645 daAuts
